 Dungeon Crawl Stone Soup version 0.18-a0-1788-g92de1ac (webtiles) character file.

142809 Murumi the Fencer (level 17, 0/136 HPs)
             Began as a Formicid Fighter on Apr 19, 2016.
             Was an Elder of Elyvilon.
             Slain by a four-headed hydra (1 damage)
             ... on level 4 of the Swamp on Apr 20, 2016.
             The game lasted 03:01:38 (35692 turns).

Murumi the Fencer (Formicid Fighter)               Turns: 35692, Time: 03:01:41

Health: 0/136      AC: 23    Str: 25    XL:     17   Next: 98%
Magic:  8/28       EV: 13    Int: 11    God:    Elyvilon [****..]
Gold:   2345       SH: 15    Dex: 10    Spells: 0 memorised, 16 levels left

rFire  . . .     SeeInvis +     E - +5 great sword (elec)
rCold  . . .     Gourm    .     G - +0 plate armour
rNeg   + + .     Faith    .     c - +1 shield
rPois  +         Spirit   .     (helmet unavailable)
rElec  +         Dismiss  +     q - +2 cloak {rPois}
rCorr  .         Reflect  .     I - +0 pair of gloves
SustAt .         Harm     .     r - +0 pair of boots
MR     +....                    M - amulet of Cekugob {Dismiss -Tele rElec rPois rN++ AC+1 EV+1}
Stlth  ..........               F - +3 ring of slaying
                                V - +5 ring of evasion

@: protection, somewhat resistant to hostile enchantments, extremely unstealthy
A: permanent stasis, dig shafts and tunnels, four strong arms, antennae 3
a: Dig, Shaft Self, Lesser Healing, Heal Other, Purification, Greater Healing,
Divine Protection, Renounce Religion


You were on level 4 of the Swamp.
You worshipped Elyvilon.
Elyvilon was greatly pleased with you.
You were near starving.

You visited 5 branches of the dungeon, and saw 30 of its levels.
You also visited: Sewer and Ossuary.

You collected 3070 gold pieces.
You spent 725 gold pieces at shops.

Inventory:

Hand Weapons
 E - a +5 great sword of electrocution (weapon)
 U - a +2 scimitar of flaming
Missiles
 l - 738 stones (quivered)
 m - 159 sling bullets
Armour
 c - a +1 shield (worn)
 q - a +2 cloak of poison resistance (worn)
 r - a +0 pair of boots (worn)
 G - a +0 plate armour (worn)
 I - a +0 pair of gloves (worn)
Jewellery
 n - an uncursed ring of protection from fire
 y - an uncursed ring of protection from magic
 F - a +3 ring of slaying (right hand)
 H - a +4 ring of evasion
 M - the amulet of Cekugob (around neck) {Dismiss -Tele rElec rPois rN++ AC+1 EV+1}
   (You found it on level 5 of the Lair of Beasts)

   [amulet of dismissal]

   It may teleport away creatures that harm you.
   It affects your AC (+1).
   It affects your evasion (+1).
   It insulates you from electricity.
   It protects you from poison.
   It greatly protects you from negative energy.
   It prevents most forms of teleportation.
 N - an uncursed ring of poison resistance
 V - a +5 ring of evasion (left hand)
 Y - a +4 ring of dexterity
Wands
 e - a wand of heal wounds (6/9)
 A - a wand of teleportation (3/9)
 B - a wand of teleportation (4/9)
 J - a wand of acid (10/15)
 P - a wand of disintegration (5/24)
 R - a wand of heal wounds (7/9)
 W - a wand of teleportation (3/9)
Scrolls
 a - 2 scrolls of vulnerability
 b - 8 scrolls of fear
 h - 4 scrolls of amnesia
 x - 12 scrolls of fog
 z - 8 scrolls of remove curse
 K - 6 scrolls of recharging
 L - 4 scrolls of brand weapon
 O - a scroll of identify
 Q - 3 scrolls of holy word
 S - 2 scrolls of silence
 T - a scroll of magic mapping
 Z - a scroll of summoning
Potions
 d - 2 potions of might
 g - 2 potions of resistance
 i - 13 potions of curing
 j - 4 potions of ambrosia
 k - 3 potions of agility
 s - 5 potions of heal wounds
 v - 4 potions of lignification
 w - 2 potions of brilliance
 C - 3 potions of flight
 D - a potion of cure mutation
Comestibles
 f - 13 bread rations
 o - 8 slices of pizza
 p - 9 meat rations
 t - a royal jelly
 u - 35 fruits


   Skills:
 - Level 13.0 Fighting
 - Level 18.0 Long Blades
 - Level 13.0 Armour
 - Level 15.0 Shields
 + Level 15.3 Invocations


You had 16 spell levels left.
You didn't know any spells.

Dungeon Overview and Level Annotations

Branches:
Dungeon (15/15)            Temple (1/1) D:6            Lair (8/8) D:8
  Swamp (4/4) Lair:6        Snake (0/4) Lair:5        Slime (0/6) Lair:6
    Orc (2/2) D:12            Elf (0/3) Orc:2        Vaults (0/5) D:13
 Depths (0/5) D:15

Altars:
Ashenzari
Cheibriados
Dithmenos
Elyvilon
Fedhas
Gozag
Kikubaaqudgha
Makhleb
Nemelex Xobeh
Okawaru
Pakellas
Qazlal
Ru
Sif Muna
Trog
Vehumet
Xom
Yredelemnul
Zin
The Shining One

Shops:
Orc:2 *=[::

Portals:
Hell: Lair:8

Annotations:
D:14 Snorg
Lair:1 exclusion: 3 oklob plants
Lair:6 exclusion: 2 oklob plants
Swamp:4 Donald


Innate Abilities, Weirdness & Mutations

You are under a permanent stasis effect.
You can dig through walls and to a lower floor.
Your four strong arms can wield two-handed weapons with a shield.
You have a pair of large antennae on your head (SInv).


Message History

Donald hits you but does no damage.
The eight-headed hydra bites you but does no damage.
The eight-headed hydra bites you.
* * * LOW HITPOINT WARNING * * *
The amulet of Cekugob {Dismiss -Tele rElec rPois rN++ AC+1 EV+1} vibrates suddenly!
The eight-headed hydra disappears!
The four-headed hydra bites you. Elyvilon protects you from harm!
The four-headed hydra bites you but does no damage. x2
The four-headed hydra bites you.
* * * LOW HITPOINT WARNING * * *
You block the five-headed hydra's attack.
The five-headed hydra bites you but does no damage.
You block the five-headed hydra's attack.
The five-headed hydra bites you but does no damage.
You block the five-headed hydra's attack.
The four-headed hydra bites you but does no damage.
The four-headed hydra closely misses you.
The four-headed hydra bites you.
You die...

♣.≈≈.≈≈≈...♣♣ ♣♣..≈♣
♣.≈≈.≈≈≈.≈..♣
♣♣♣♣♣.≈≈.♣♣
♣≈.≈..≈≈.≈.♣♣
♣...≈≈≈≈≈≈♣
♣♣♣♣♣♣≈..♣♣♣
♣..≈≈≈..♣♣♣ .≈≈≈.
♣♣..≈.♣ ♣♣♣≈♣.≈≈♣♣♣
..≈≈.
♣.≈≈≈.♣♣♣≈.≈♣♣≈.♣
≈≈≈≈.
♣≈≈≈≈♣♣≈≈≈≈.≈♣♣♣♣
≈§≈≈.
♣♣♣..<..§≈≈≈..♣♣ ♣♣
≈≈≈≈?
♣♣....@≈≈≈≈≈≈≈.≈♣
≈♣♣♣ ≈≈≈≈.
♣♣♣.§≈≈DDD≈≈≈§...♣♣
..≈. ≈≈≈..
♣≈≈.≈≈≈≈≈D≈≈≈≈.♣♣♣
.≈≈≈
♣♣≈≈♣♣.≈≈@D≈≈≈≈.♣
≈≈≈≈
♣.≈.♣♣♣≈♣...≈≈≈.♣♣♣
.≈≈. ♣♣♣♣♣
♣♣♣.≈≈≈≈≈≈..♣♣♣♣.≈§≈
♣..≈≈≈≈≈≈≈≈...)≈≈.♣
♣♣≈≈≈≈≈..≈≈≈..)≈≈≈♣
♣.≈≈≈≈...§...♣♣♣♣♣


You could see Donald, a five-headed hydra, 2 four-headed hydras and 2 swamp
dragons.

Vanquished Creatures
  Rupert (D:14)
  2 thorn hunters
  Gastronok (Lair:2)
  Kirke (D:15)
  Aizul (Swamp:4)
  An orc warlord (Orc:2)
  Nessos (D:15)
  Azrael (D:15)
  2 ettins (Orc:1)
  3 vault guards (D:13)
  A great orb of eyes (shapeshifter) (D:15)
  Josephine (Lair:5)
  A ghost crab (Swamp:1)
  6 hydras
  A hell beast (Lair:8)
  3 centaur warriors
  3 catoblepae
  7 alligators
  13 death yaks (Lair:6)
  3 orc high priests (Orc:2)
  Urug (D:14)
  3 iron golems (D:11)
  An unseen horror (shapeshifter) (D:15)
  2 deep elf archers (D:13)
  2 unseen horrors
  5 swamp dragons
  7 orc knights
  3 hill giants (D:15)
  Pikel (D:5)
  8 ugly things
  6 orc sorcerers
  A manticore (D:15)
  A griffon (Lair:6)
  A hornet (Swamp:2)
  2 wizards
  A deep elf mage (D:11)
  8 cyclopes
  3 elephants (Lair:3)
  3 orange demons (Lair:8)
  2 torpor snails
  8 black mambas
  2 centaur skeletons
  3 gargoyles
  26 spiny frogs
  11 komodo dragons
  7 rime drakes
  A kobold demonologist (D:13)
  A freezing wraith (D:15)
  3 ice devils (Lair:8)
  A hellwing (Lair:8)
  2 spriggan druids
  2 polar bears
  A red devil (Lair:8)
  A queen bee (shapeshifter) (D:15)
  10 trolls
  25 blink frogs
  4 giant leeches
  5 bog bodies
  25 slime creatures
  3 two-headed ogres
  The ghost of urm the Ducker, an amateur KoHu (D:4)
  6 boulder beetles
  2 shadows
  A centaur simulacrum (D:15)
  Eustachio (D:4)
  6 wraiths
  7 spriggans
  3 wyverns
  30 yaks
  A water elemental (D:15)
  A hungry ghost (D:8)
  9 hippogriffs
  A hog (D:15)
  A basilisk (Lair:8)
  2 fire elementals (D:15)
  8 insubstantial wisps
  2 mottled dragons
  26 swamp worms
  7 wargs
  7 hell hounds
  3 soldier ants
  24 water moccasins
  22 porcupines
  A porcupine (shapeshifter) (D:15)
  13 swamp drakes
  5 ice beasts
  31 orc warriors
  6 sky beasts
  3 phantoms
  8 wasps
  14 ogres
  11 wolves
  5 boggarts (D:15)
  9 centaurs
  21 crocodiles
  9 big kobolds
  27 giant frogs
  Blork the orc (D:4)
  3 gnoll sergeants
  A wyvern zombie (D:6)
  A scorpion (D:9)
  10 killer bees
  A howler monkey (D:5)
  2 crimson imps
  A giant frog zombie (D:8)
  3 centaur zombies
  A quasit (D:5)
  8 jellies
  5 hounds
  15 orc priests
  25 orc wizards
  Crazy Yiuf (D:7)
  3 giant frog skeletons
  Jessica (D:3)
  5 iguanas
  4 hell rats (D:8)
  9 worker ants
  A big kobold zombie (Ossuary)
  40 sheep
  A hound skeleton (D:8)
  8 mummies (Ossuary)
  A worker ant zombie (D:6)
  12 gnolls
  20 adders
  36 river rats
  An ooze (D:5)
  2 adder zombies
  An adder skeleton (D:6)
  6 worms
  3 dart slugs
  6 giant geckos
  97 orcs
  6 bats
  5 giant cockroaches
  9 hobgoblins
  10 jackals
  10 quokkas
  15 ball pythons
  A ball python skeleton (D:5)
  A giant cockroach zombie (D:5)
  8 giant newts
  9 goblins
  A goblin zombie (D:6)
  4 hobgoblin zombies (Ossuary)
  23 kobolds
  2 kobold zombies (Ossuary)
  An orc zombie (Ossuary)
  A quokka skeleton (D:4)
  28 rats
  A rat zombie (D:6)
  2 plants
1061 creatures vanquished.

Vanquished Creatures (collateral kills)
  An ogre (Orc:2)
1 creature vanquished.

Vanquished Creatures (others)
  A hydra (D:11)
  A spriggan druid (Swamp:3)
  A hippogriff (Lair:8)
  3 humans (D:15)
  A water moccasin (Lair:8)
  2 slaves (D:5)
  A centaur (D:11)
  A killer bee (D:13)
  A giant cockroach (D:5)
  3 briar patches (Swamp:2)
  31 fungi
  8 plants
  13 toadstools (Lair:5)
67 creatures vanquished.

Grand Total: 1129 creatures vanquished

Notes
Turn   | Place    | Note
--------------------------------------------------------------
     0 | D:1      | Murumi the Formicid Fighter began the quest for the Orb.
     0 | D:1      | Reached XP level 1. HP: 18/18 MP: 1/1
   269 | D:1      | Reached XP level 2. HP: 24/24 MP: 2/2
   618 | D:1      | Reached XP level 3. HP: 21/29 MP: 3/3
   828 | D:2      | Reached skill level 3 in Long Blades
   865 | D:1      | Upgraded the game from 0.18-a0-1784-ga939a68 to 0.18-a0-1788-g92de1ac
   931 | D:2      | Found an ancient bone altar of Kikubaaqudgha.
  1373 | D:2      | Found a radiant altar of Vehumet.
  1554 | D:2      | Reached XP level 4. HP: 32/35 MP: 4/4
  1662 | D:3      | Reached skill level 5 in Shields
  1709 | D:3      | Found a faded altar to an unknown god.
  2236 | D:3      | Noticed Jessica
  2257 | D:3      | Reached skill level 4 in Long Blades
  2257 | D:3      | Reached XP level 5. HP: 35/41 MP: 5/5
  2266 | D:3      | Killed Jessica
  2641 | D:4      | Reached XP level 6. HP: 46/47 MP: 6/6
  2689 | D:4      | Noticed an ogre
  2697 | D:4      | Killed an ogre
  2762 | D:4      | Noticed Blork the orc
  2782 | D:4      | Killed Blork the orc
  2782 | D:4      | Reached XP level 7. HP: 39/52 MP: 7/7
  2831 | D:4      | Found a snail-covered altar of Cheibriados.
  2878 | D:4      | Reached skill level 5 in Long Blades
  2894 | D:4      | Found a glowing drain.
  2895 | D:4      | Noticed urm's ghost (amateur KoHu)
  2921 | D:4      | Killed urm's ghost
  2961 | Sewer    | Entered a sewer
  3263 | Sewer    | Reached XP level 8. HP: 51/58 MP: 8/8
  3481 | Sewer    | Reached skill level 6 in Long Blades
  3646 | D:4      | Got a jewelled chain mail
  3657 | D:4      | Identified the +7 chain mail of the Commoners {*Corrode MP+9 Int+6 Stlth+} (You found it on level 4 of the Dungeon)
  3895 | D:4      | Found a blossoming altar of Fedhas.
  3898 | D:4      | Found a stormy altar of Qazlal.
  3944 | D:4      | Reached skill level 7 in Long Blades
  4417 | D:5      | Entered Level 5 of the Dungeon
  4488 | D:5      | Noticed Eustachio
  4511 | D:4      | Killed Eustachio
  4728 | D:5      | Reached skill level 8 in Long Blades
  4728 | D:5      | Reached XP level 9. HP: 61/64 MP: 9/9
  5277 | D:5      | Noticed Pikel
  5292 | D:5      | Killed Pikel
  5292 | D:5      | Reached skill level 9 in Long Blades
  5916 | D:5      | Reached skill level 10 in Long Blades
  6205 | D:6      | Found a deep blue altar of Sif Muna.
  6206 | D:6      | Found a sparkling altar of Nemelex Xobeh.
  6224 | D:6      | Found a sand-covered staircase.
  6232 | Ossuary  | Entered an ossuary
  6630 | D:6      | Reached skill level 5 in Fighting
  6713 | D:6      | Reached XP level 10. HP: 50/74 MP: 10/10
  6836 | D:6      | Reached skill level 5 in Armour
  6986 | D:6      | Found a staircase to the Ecumenical Temple.
  7019 | Temple   | Entered the Ecumenical Temple
  7035 | Temple   | Became a worshipper of Elyvilon the Healer
  7396 | D:6      | Reached skill level 1 in Invocations
  7904 | D:7      | Reached skill level 5 in Invocations
  8246 | D:7      | Reached * piety under Elyvilon
  8315 | D:7      | Found a sacrificial altar of Ru.
  8529 | D:7      | Noticed Crazy Yiuf
  8533 | D:7      | Killed Crazy Yiuf
  8698 | D:8      | Noticed a cyclops
  8702 | D:8      | Killed a cyclops
  9130 | D:8      | Noticed a spiny frog
  9138 | D:8      | Noticed a spiny frog
  9143 | D:8      | Killed a spiny frog
  9143 | D:8      | Reached XP level 11. HP: 61/84 MP: 15/17
  9763 | D:8      | Noticed a three-headed hydra
  9888 | D:8      | Found a staircase to the Lair.
 10011 | D:8      | Killed a ten-headed hydra
 10287 | D:9      | Reached skill level 11 in Long Blades
 10312 | D:9      | Reached ** piety under Elyvilon
 10412 | D:9      | Found a sparkling altar of Nemelex Xobeh.
 10994 | D:10     | Entered Level 10 of the Dungeon
 11717 | D:11     | Reached *** piety under Elyvilon
 11835 | D:11     | Noticed an unseen horror
 11847 | D:11     | Killed an unseen horror
 12163 | D:11     | Reached XP level 12. HP: 92/92 MP: 18/18
 12402 | Lair:1   | Entered Level 1 of the Lair of Beasts
 12415 | Lair:1   | Reached skill level 12 in Long Blades
 12810 | Lair:1   | Reached skill level 10 in Fighting
 13181 | Lair:1   | Reached **** piety under Elyvilon
 13582 | Lair:2   | Reached skill level 10 in Shields
 13855 | Lair:2   | Noticed Gastronok
 13859 | Lair:2   | Noticed a five-headed hydra
 13859 | Lair:2   | Pacified a five-headed hydra
 13880 | Lair:2   | Killed Gastronok
 13880 | Lair:2   | Reached skill level 10 in Invocations
 14171 | Lair:2   | Reached XP level 13. HP: 86/103 MP: 21/21
 14923 | Lair:3   | Found a deep blue altar of Sif Muna.
 15104 | Lair:3   | Reached skill level 13 in Long Blades
 15336 | Lair:3   | Reached ***** piety under Elyvilon
 15709 | Lair:4   | Reached skill level 10 in Armour
 17264 | Lair:4   | Noticed a six-headed hydra
 17264 | Lair:4   | Pacified a six-headed hydra
 17317 | Lair:5   | Found a staircase to the Snake Pit.
 17709 | Lair:5   | Noticed Josephine
 17724 | Lair:5   | Reached skill level 14 in Long Blades
 17730 | Lair:5   | Killed Josephine
 17949 | Lair:5   | Noticed an eight-headed hydra
 17952 | Lair:5   | Pacified an eight-headed hydra
 18053 | Lair:5   | Noticed a catoblepas
 18053 | Lair:5   | Noticed a catoblepas
 18071 | Lair:5   | Killed a catoblepas
 18077 | Lair:5   | Killed a catoblepas
 18077 | Lair:5   | Reached XP level 14. HP: 47/110 MP: 22/22
 18779 | Lair:6   | Reached skill level 15 in Long Blades
 20543 | Lair:6   | Found a staircase to the Swamp.
 20733 | Lair:6   | Found a staircase to the Slime Pits.
 21399 | Lair:8   | Entered Level 8 of the Lair of Beasts
 21668 | Lair:8   | Reached XP level 15. HP: 107/118 MP: 24/24
 22423 | Lair:8   | Found a burning altar of Makhleb.
 22507 | Lair:8   | Reached skill level 16 in Long Blades
 23233 | Lair:8   | Found a gateway to Hell.
 24415 | D:12     | Found a staircase to the Orcish Mines.
 24671 | Orc:1    | Entered Level 1 of the Orcish Mines
 25217 | Orc:2    | Entered Level 2 of the Orcish Mines
 25293 | Orc:2    | Found Acuulaeh's Assorted Antiques.
 25304 | Orc:2    | Bought a scroll labeled ANWITO ISUFFI for 27 gold pieces
 25304 | Orc:2    | Bought a scroll of enchant weapon for 202 gold pieces
 25304 | Orc:2    | Bought a paperback book for 405 gold pieces
 25384 | Orc:1    | Noticed a stone giant
 25386 | Orc:1    | Pacified a stone giant
 25786 | Orc:2    | Found a staircase to the Elven Halls.
 26086 | Orc:2    | Noticed an orc warlord
 26339 | Orc:2    | Reached skill level 17 in Long Blades
 26438 | Orc:2    | Reached XP level 16. HP: 106/126 MP: 25/25
 26450 | Orc:2    | Found Daupec's Book Emporium.
 26450 | Orc:2    | Found Tobavaem's Jewellery Boutique.
 26452 | Orc:2    | Found Dison's Book Emporium.
 26452 | Orc:2    | Found Zomeept's Antique Armour Boutique.
 26463 | Orc:2    | Bought a cursed ring of loudness for 63 gold pieces
 26463 | Orc:2    | Bought a cursed amulet of inaccuracy for 28 gold pieces
 28664 | D:13     | Found a gate to the Vaults.
 29057 | D:14     | Identified a scroll of acquirement
 29113 | D:14     | Noticed Rupert
 29127 | D:14     | Killed Rupert
 29254 | D:14     | Noticed Urug
 29266 | D:14     | Killed Urug
 29437 | D:14     | Noticed Snorg
 29544 | D:14     | You fall through a shaft!
 29544 | D:15     | Entered Level 15 of the Dungeon
 29828 | D:15     | Noticed Azrael
 29853 | D:15     | Killed Azrael
 30465 | D:15     | Found a staircase to the Depths.
 30811 | D:15     | Noticed Kirke
 30834 | D:15     | Killed Kirke
 30834 | D:15     | Reached XP level 17. HP: 79/133 MP: 27/27
 30879 | D:15     | Found a shattered altar of Ashenzari.
 31005 | D:15     | Noticed Nessos
 31029 | D:15     | Reached skill level 18 in Long Blades
 31084 | D:15     | Killed Nessos
 31691 | Swamp:1  | Entered Level 1 of the Swamp
 31780 | Swamp:1  | Noticed a thorn hunter
 31796 | Swamp:1  | Killed a thorn hunter
 32009 | Swamp:1  | Reached ****** piety under Elyvilon
 32805 | Swamp:2  | Noticed a thorn hunter
 32850 | Swamp:2  | Killed a thorn hunter
 33858 | Swamp:3  | Reached skill level 15 in Shields
 34400 | Swamp:3  | Found a basalt altar of Yredelemnul.
 34896 | Swamp:4  | Entered Level 4 of the Swamp
 35074 | Swamp:4  | Noticed Aizul
 35106 | Swamp:4  | Reached skill level 15 in Invocations
 35225 | Swamp:4  | Killed Aizul
 35247 | Swamp:4  | Noticed Donald
 35690 | Swamp:4  | HP: 5/136 [eight-headed hydra (10)]
 35690 | Swamp:4  | Elyvilon protects you from harm!
 35690 | Swamp:4  | HP: 2/136 [five-headed hydra (3)]
 35691 | Swamp:4  | Elyvilon protects you from harm!
 35692 | Swamp:4  | Elyvilon protects you from harm!
 35692 | Swamp:4  | Slain by a four-headed hydra

Vault maps used:
D:1:      minmay_arrival_four_houses, minmay_crystal_water
D:2:      nicolae_overflow_hidden_temple, lemuel_crystal_altar, minmay_distorted
D:3:      first_bread, ecumenical_altar_1, uniq_jessica
D:4:      cheibriados_altar_1, grunt_temple_overflow_forces_of_nature,
          portal_sewer_entry_c, uniq_blork_the_orc
D:5:      uniq_eustachio, uniq_pikel
D:6:      grunt_temple_overflow_open, temple_pool_a, enter_ossuary_3,
          serial_bayou_pond_e, moated_statue
D:7:      kennysheep_little_box, uniq_crazy_yiuf_cottage
D:8:      dpeg_lair_monsters, hangedman_ranch
D:9:      nemelex_xobeh_ov_fountains_minmay
D:11:     cheibrodos_stairvault_heist
D:12:     kennysheep_orc_monster_closet_entryway
D:13:     grunt_vaults_entry_fortified
D:14:     minmay_misc_feat_tower, minivault_24, uniq_urug, uniq_snorg,
          uniq_rupert
D:15:     gammafunk_enter_depths_forms, basic_altar,
          minmay_misc_feat_four_crosses, uniq_azrael, uniq_nessos, uniq_kirke
Temple:   triangle_lava_temple_12
Lair:1:   dpeg_oklob_gauntlet
Lair:2:   uniq_gastronok
Lair:3:   basic_altar, lemuel_fruit_tree
Lair:4:   boulder_quad_collide
Lair:5:   gammafunk_lair_enchanted_lake, dummy_snake_entry, serial_bayou_pond_a,
          uniq_josephine
Lair:6:   nicolae_swamp_entry_splash_gauntlet, minmay_slime_entry_oklob_enclosed
Lair:7:   guppyfry_lair_drakes
Lair:8:   evil_forest, kilobyte_rumbling_trees, serial_bayou_shore_a,
          grunt_megastairs_1
Swamp:1:  hangedman_swamp_diagram
Swamp:2:  evilmike_swamp_ruin_house_6
Swamp:3:  basic_altar, infiniplex_staircase_pool_2
Swamp:4:  swamp_old_school, swamp_pool2, uniq_donald, uniq_aizul
Orc:2:    grunt_orc_tribal_feast, serial_shops, nicolae_shop_overgrown_old_shop
Sewer:    sewer_minmay_w
Ossuary:  ossuary_tomb_3

Skill      XL: |  1  2  3  4  5  6  7  8  9 10 11 12 13 14 15 16 17 |
---------------+----------------------------------------------------+-----
Shields        | 4 5 6 7 8 9 10 11 12 13 14 15 | 15.0
Long Blades    | 3 4 5 8 10 11 12 14 15 17 18 | 18.0
Fighting       | 5 7 8 10 11 12 13 | 13.0
Armour         | 4 6 8 9 10 11 12 13 | 13.0
Invocations    | 8 9 11 12 13 14 15 | 15.3

Action                   |  1- 3 |  4- 6 |  7- 9 | 10-12 | 13-15 | 16-18 || total
-------------------------+-------+-------+-------+-------+-------+-------++-------
Melee: Long sword        |   125 |   150 |   655 |    71 |       |       ||  1001
       Great sword       |       |       |       |   722 |  1259 |   968 ||  2949
       Double sword      |       |       |       |       |       |     6 ||     6
       Scimitar          |       |       |       |       |       |    32 ||    32
Invok: Lesser Healing    |       |       |       |     5 |     6 |     7 ||    18
       Heal Other        |       |       |       |     1 |    15 |     4 ||    20
       Divine Protection |       |       |       |       |       |     1 ||     1
       Greater Healing   |       |       |       |       |       |     1 ||     1
 Abil: Dig               |     1 |     3 |     4 |     8 |    18 |    11 ||    45
Evoke: Wand              |       |       |       |     1 |       |       ||     1
  Use: Scroll            |     8 |     2 |     4 |    15 |    13 |    10 ||    52
       Potion            |       |       |     1 |     3 |       |     2 ||     6
 Stab: Distracted        |       |       |       |       |     1 |       ||     1
       Confused          |       |       |       |       |       |     1 ||     1
  Eat: Chunk             |     2 |     5 |    14 |    26 |    47 |    30 ||   124
       Beef jerky        |       |       |       |     2 |     1 |     1 ||     4
       Pizza             |       |       |       |       |       |     1 ||     1
Armor: Scale mail        |    21 |       |       |       |       |       ||    21
       Chain mail        |    37 |    45 |   222 |    37 |       |       ||   341
       Plate armour      |       |       |       |   248 |   293 |   306 ||   847
Dodge: Dodged            |    53 |    42 |   262 |   270 |   321 |   277 ||  1225
Block: Shield            |    74 |    71 |   439 |   463 |   592 |   506 ||  2145
